 Dungeon Sprint DCSS version 0.01-2087-gb5e28fc70b (webtiles) character file.

Game seed: 5174358349815002929, levelgen mode: deterministic

5 pasperui the Scratcher (level 1, -2/9 HPs) Felid Transmuter. Began on June 2, 2020. Was a Believer of Fedhas. Slain by a gnoll ... wielding a +0 club (11 damage) ... in the Dungeon (Sprint VII: "The Pits"). The game lasted 00:00:43 (97 turns).

pasperui the Scratcher (Felid Transmuter)             Turns: 97, Time: 00:00:43

Health: -2/9       AC:  1    Str:  6    XL:     1 ^: 4
Magic:  4/4        EV: 18    Int: 14    God:    Fedhas [**.... (58)]
Gold:   0          SH:  0    Dex: 16    Spells: 3/4 levels left
                                        Lives:  0   Deaths: 0

rFire    . . .     Vision   +     - Unarmed
rCold    . . .     Gourm    .     - Unarmed
rNeg     . . .     Faith    .   (no amulet)
rPois    .         Spirit   .   (no ring)
rElec    .         Reflect  .   (no ring)
rCorr    .         Harm     .
MR       .....     NoTele   +
Stlth    ++........
HPRegen  0.13/turn
MPRegen  0.14/turn

@: quick
A: very small, no armour, no weapons, stealth, claws 1, fangs 3, see invisible,
carnivore, speed 1, shaggy fur 1, slow metabolism 1, sharp paws
a: Fungal Bloom, Sunlight, Evolution, Renounce Religion


You were in the Dungeon.
You worshipped Fedhas.
Fedhas was pleased with you.
You were not hungry.

You visited 1 branch

Inventory:

Scrolls
 h - a scroll of blinking
 i - 5 scrolls of amnesia
 j - a scroll of summoning
Potions
 a - 2 potions of invisibility
 c - a potion of curing
 d - a potion of heal wounds
 e - a potion of haste
 f - 4 potions of magic
 g - 3 potions of berserk rage
Miscellaneous
 k - a crystal ball of energy
Comestibles
 b - 9 rations


   Skills:
 - Level 1.0 Fighting
 - Level 2.6 Dodging
 * Level 4.6 Unarmed Combat
 - Level 2.0 Spellcasting
 - Level 2.1 Transmutations


You had 3 spell levels left.
You knew the following spells:

 Your Spells              Type           Power        Failure   Level  Hunger
a - Beastly Appendage     Tmut           7 (50)       10%         1    ##.....

Your spell library contained the following spells:

 Spells                   Type           Power        Failure   Level  Hunger
 Sticks to Snakes         Tmut           7 (100)      14%         2    ###....
 Snakes to Sticks         Hex/Tmut       4 (100)      41%         3    ####...
 Spider Form              Tmut/Pois      4 (200)      41%         3    ####...
 Ice Form                 Ice/Tmut       4 (100)      83%         4    #####..
 Blade Hands              Tmut           7 (200)      95%         5    ######.


Dungeon Overview and Level Annotations

Branches:
Dungeon (1/1)

Altars:
Ashenzari
Cheibriados
Dithmenos
Elyvilon
Fedhas
Gozag
Hepliaklqana
Kikubaaqudgha
Makhleb
Nemelex Xobeh
Okawaru
Qazlal
Ru
Sif Muna
Trog
Uskayaw
Vehumet
Wu Jian
Xom
Yredelemnul
Zin
The Shining One
Beogh
Jiyva
Lugonu


Innate Abilities, Weirdness & Mutations

You cannot wear armour.
You are incapable of wielding weapons or throwing rocks.
Your paws allow you to move quietly. (Stealth)
You have sharp claws.
You have razor-sharp teeth.
You have supernaturally acute eyesight. (+Vis)
You are carnivorous and can eat meat at any time.
You cover ground quickly.
You are covered in fur. (AC +1)
You have a slow metabolism.
Your sharp claws are effective at attacking unaware monsters.


Message History

Fedhas appreciates your contribution to the ecosystem.
You can now induce evolution.
You open the door.
There is an open door here.
You open the door.
A gnoll comes into view.
A frilled lizard comes into view.
There is an open door here.
The helpless frilled lizard fails to defend itself.
You claw the frilled lizard (9)!
You kill the frilled lizard!
You see here a frilled lizard corpse.
The gnoll shouts!
The gnoll misses you (0).
You barely miss the gnoll. You scratch the gnoll but do no damage.
The gnoll is healthy. (12/12) HP The gnoll hits you with a +0 club (11)!
Ouch! That really hurt!
You die...
Fedhas appreciates your contribution to the ecosystem.

##########'##...........
#.?..')))'.##......#..#
##########.##..........
#.........÷.'...........
+#####'#####......#..#.
#.PP'.##...........
#...#.#####'#####+
#####.##.......#
+.@†#.##.......#
+g..'.##.......#
########...<...#
#.......# #.......#
#.......# #########


You could see a gnoll.

Vanquished Creatures
  A leopard gecko (D)
  A giant cockroach (D)
  A quokka (D)
  A frilled lizard (D)
4 creatures vanquished.

Vanquished Creatures (others)
  2 toadstools (D)
2 creatures vanquished.

Grand Total: 6 creatures vanquished

Notes
Turn   | Place    | Note
-------+----------+-------------------------------------------
     0 | D        | pasperui the Felid Transmuter began the quest for the Orb.
     0 | D        | Reached XP level 1. HP: 9/9 MP: 4/4
    16 | D        | Found a bloodstained altar of Trog.
    16 | D        | Found a shimmering blue altar of Sif Muna.
    16 | D        | Found a viscous altar of Jiyva.
    16 | D        | Found a hazy altar of Hepliaklqana.
    16 | D        | Found an opulent altar of Gozag.
    17 | D        | Found a glowing golden altar of the Shining One.
    17 | D        | Found a glowing silver altar of Zin.
    17 | D        | Found a basalt altar of Yredelemnul.
    17 | D        | Found a shimmering altar of Xom.
    17 | D        | Found an ornate altar of the Wu Jian Council.
    17 | D        | Found a sacrificial altar of Ru.
    17 | D        | Found a stormy altar of Qazlal.
    17 | D        | Found an iron altar of Okawaru.
    17 | D        | Found a sparkling altar of Nemelex Xobeh.
    17 | D        | Found a burning altar of Makhleb.
    17 | D        | Found a blossoming altar of Fedhas.
    17 | D        | Found a white marble altar of Elyvilon.
    17 | D        | Found a shadowy altar of Dithmenos.
    17 | D        | Found a snail-covered altar of Cheibriados.
    18 | D        | Found a radiant altar of Vehumet.
    18 | D        | Found a corrupted altar of Lugonu.
    18 | D        | Found a roughly hewn altar of Beogh.
    19 | D        | Found a hide-covered altar of Uskayaw.
    19 | D        | Found an ancient bone altar of Kikubaaqudgha.
    19 | D        | Found a shattered altar of Ashenzari.
    38 | D        | Became a worshipper of Fedhas Madash
    46 | D        | Reached * piety under Fedhas
    76 | D        | Reached skill level 4 in Unarmed Combat
    82 | D        | Reached ** piety under Fedhas
    97 | D        | Slain by a gnoll

Levels and vault maps discovered:
D:        pitsprint [storerooms_1, entrance_room_1, metal_vault_6, armoury_1,
          mini_pit_1, grid_room_1, main_hall_1, silver_pit, the_coven_1,
          the_vestibule_1, steel_vault_5, golden_pit, hallway_of_sentries,
          crystal_vault_1, iron_vault_3, final_vault]

Skill      XL: |  1 |
---------------+----+-----
Unarmed Combat | 4 |  4.6
Fighting       | |  1.0
Dodging        | |  2.6
Spellcasting   | |  2.0
Transmutations | |  2.1

Action                   || total
-------------------------++-------
Melee: Unarmed           ||    14
 Cast: Beastly Appendage ||     1
Invok: Fungal Bloom      ||     2
 Stab: Sleeping          ||     2
Dodge: Dodged            ||     6
